 Dungeon Crawl Stone Soup version 0.31-a0-1603-gbec6b6ccbf (webtiles) character file.

Game seed: 7846105976089012503

93 experimilk the Shooter (level 4, -1/22 HPs)
             Began as a Spriggan Hunter on Jan 7, 2024.
             Incinerated by a bombardier beetle (4 damage)
             ... with a burning spray
             ... on level 3 of the Dungeon.
             The game lasted 00:04:22 (2335 turns).

experimilk the Shooter (Spriggan Hunter)            Turns: 2335, Time: 00:04:22

Health: -1/22      AC:  2    Str:  7    XL:     4   Next: 37%
Magic:  5/5        EV: 18    Int: 10    God:
Gold:   15         SH:  0    Dex: 20    Spells: 3/3 levels left

rFire   . . .        a - +0 shortbow
rCold   . . .        (shield currently unavailable)
rNeg    . . .        c - +0 robe
rPois   .            (helmet restricted)
rElec   .            (no cloak)
rCorr   +            (gloves unavailable)
SInv    +            (boots unavailable)
Will    .....        (no amulet)
Stlth   +            h - ring of resist corrosion
HPRegen 0.23/turn    (no ring)
MPRegen 0.09/turn

%: no passive effects
@: on fire, glowing, very quick
A: very small, no large weapons, unfitting armour, see invisible, speed 3
a: no special abilities


You were on level 3 of the Dungeon.
You visited 1 branch of the dungeon, and saw 3 of its levels.

You collected 135 gold pieces.
You spent 120 gold pieces at shops.

Inventory:

Hand Weapons
 a - a +0 shortbow (weapon)
 k - a +2 dagger of holy wrath
Armour
 c - a +0 robe (worn)
Jewellery
 h - a ring of resist corrosion (left hand)
 l - a ring of flight
 o - a ring of fire
 q - a ring of protection from cold
Wands
 p - a wand of paralysis (4)
Scrolls
 b - a scroll of butterflies
 d - a scroll of blinking {unknown}
 e - 2 scrolls of fog
 f - a scroll of noise
 g - 5 scrolls of teleportation
 i - a scroll of amnesia {unknown}
 m - a scroll of fear
Potions
 j - 2 potions of curing
 n - a potion of magic {unknown}
 r - a potion of enlightenment {unknown}


   Skills:
 - Level 1.5 Fighting
 * Level 5.9 Ranged Weapons
 - Level 2.6 Dodging
 - Level 1.5 Stealth


You had 3 spell levels left.
You didn't know any spells.
Your spell library was empty.

Dungeon Overview and Level Annotations

Branches:
Dungeon (3/15)

Altars:

Shops:
D:1 *   D:2 ?

Annotations:
D:3 1 runed translucent door, Laraso's ghost, amateur AtDe


Innate Abilities, Weirdness & Mutations

You are very small and have problems with some larger weapons.
You are too small for most types of armour.
You have supernaturally acute eyesight. (SInv)
You cover ground extremely quickly. (Speed+++)


Message History

You shoot an arrow. The arrow closely misses the hobgoblin.
The hobgoblin misses you.
You shoot an arrow. The arrow closely misses the hobgoblin.
The hobgoblin hits you.
You shoot an arrow. The arrow hits the hobgoblin.
You kill the hobgoblin!
There is an open door here.
You see here a hobgoblin corpse.
You open the door.
A bombardier beetle comes into view.
You shoot an arrow. The arrow hits the bombardier beetle.
The bombardier beetle is moderately wounded.
The bombardier beetle sprays incendiary fluid at you.
The burning spray hits you.
You are covered in liquid fire!
You shoot an arrow. The arrow hits the bombardier beetle.
The bombardier beetle is severely wounded.
The liquid fire burns you!
You shoot an arrow.
The arrow completely misses the bombardier beetle.
The liquid fire burns you!
You shoot an arrow. The arrow hits the bombardier beetle.
The bombardier beetle is severely wounded.
The liquid fire burns you!
* * * LOW HITPOINT WARNING * * *
You are too injured to fight recklessly!
Fire: a) +0 shortbow
Press: ? - help, Q - select action, (/) - cycle Shift-Dir - straight line, f/p - bombardier beetle
Aim: a bombardier beetle (severely wounded, 74% to hit)
You shoot an arrow.
The arrow barely misses the bombardier beetle.
The liquid fire burns you!
* * * LOW HITPOINT WARNING * * *
Fire: a) +0 shortbow
Press: ? - help, Q - select action, (/) - cycle Shift-Dir - straight line, f/p - bombardier beetle
Aim: a bombardier beetle (severely wounded, 74% to hit)
You shoot an arrow. The arrow hits the bombardier beetle.
The bombardier beetle is severely wounded.
The liquid fire burns you!
You die...

#+ ##..
###+
#....##..##
#...B'@...#
##..##....#
# ##..##
##†# #..#
#.## #.#
#.# #.# #.#
#.#


You could see a bombardier beetle.

Vanquished Creatures
  Jessica (D:2)
  2 adders (D:2)
  A ribbon worm (D:2)
  A dart slug (D:1)
  4 ball pythons (D:1)
  5 bats
  5 endoplasms
  2 giant cockroaches (D:1)
  6 hobgoblins
  3 quokkas (D:1)
  5 frilled lizards
  A goblin (D:1)
  4 kobolds
  2 rats
42 creatures vanquished.

Notes
Turn   | Place    | Note
-------+----------+-------------------------------------------
     0 | D:1      | experimilk the Spriggan Hunter began the quest for the Orb.
     0 | D:1      | Reached XP level 1. HP: 10/10 MP: 2/2
    95 | D:1      | Found Jurhu's General Store.
   133 | D:1      | Reached XP level 2. HP: 6/14 MP: 3/3
   618 | D:1      | You fall into a shaft and drop 1 floor!
   670 | D:1      | Found a faded altar of an unknown god.
   715 | D:1      | Reached skill level 5 in Ranged Weapons
   826 | D:1      | Reached XP level 3. HP: 18/18 MP: 4/4
  1254 | D:2      | Noticed Jessica
  1259 | D:2      | Killed Jessica
  1260 | D:2      | Reached XP level 4. HP: 22/22 MP: 5/5
  1818 | D:2      | Found Muogu's Magic Scroll Boutique.
  1826 | D:2      | Bought a scroll of teleportation for 30 gold pieces
  1826 | D:2      | Bought a scroll of teleportation for 30 gold pieces
  1826 | D:2      | Bought a scroll of identify for 20 gold pieces
  1826 | D:2      | Bought a scroll of fear for 40 gold pieces
  2237 | D:3      | Found a runed translucent door.
  2238 | D:3      | Noticed Laraso's ghost (amateur AtDe)
  2335 | D:3      | Incinerated by a bombardier beetle

Illustrated notes

Levels and vault maps discovered:
D:1:      ebering_trefoil_twist, layout_loops_ring,
          dilly_ecumenical_altar_fadedgnrine, serial_shops, nicolae_square_shop
D:2:      kennysheep_big_flooded_room, layout_basic, serial_shops,
          nicolae_shop_statue_plus, minivault_24, uniq_jessica
D:3:      minmay_bubble_buster, layout_loops_ring,
          mainiacjoe_overflow_catch_the_wave, ebering_ghost_inner_flame

Skill      XL: |  1  2 |
---------------+-------+-----
Ranged Weapons | 5 |  5.9
Fighting       | |  1.5
Dodging        | |  2.6
Stealth        | |  1.5

Action                     |  1- 3 |  4- 6 || total
---------------------------+-------+-------++-------
   Fire: Shortbow          |   104 |    42 ||   146
    Use: Scroll            |     2 |     1 ||     3
 Armour: Robe              |     9 |     8 ||    17
  Dodge: Dodged            |    29 |     6 ||    35

Table legend: (Time is in decaauts)
 A = Elapsed time spent in this place.
 B = Non-inter-level travel time spent in this place.
 C = Inter-level travel time spent in this place.
 D = Time resting spent in this place.
 E = Time spent auto-exploring this place.
 F = Levels seen in this place.
 G = Mean time per level.
                   A        B        C        D        E       F      G
               +--------+--------+--------+--------+--------+-----+--------+
         Total |   1631 |   1550 |     81 |    277 |    991 |   3 |  543.7 |
       Dungeon |   1631 |   1550 |     81 |    277 |    991 |   3 |  543.7 |
               +--------+--------+--------+--------+--------+-----+--------+

Top non-repeatable levels by time:
     D:2: 758 daAuts
     D:1: 713 daAuts
     D:3: 158 daAuts
